 Dungeon Crawl Stone Soup version 0.21.1-1-g345015f (webtiles) character file.

136 inc the Digger (level 5, -3/31 HPs)
             Began as an Octopode Earth Elementalist on June 12, 2018.
             Slain by an orc priest (4 damage)
             ... on level 4 of the Dungeon.
             The game lasted 00:04:30 (2973 turns).

inc the Digger (Octopode Earth Elementalist)        Turns: 2973, Time: 00:04:32

Health: -3/31      AC:  1    Str:  8    XL:     5   Next: 19%
Magic:  5/8        EV: 13    Int: 18    God:
Gold:   106        SH:  0    Dex: 12    Spells: 7/8 levels left

rFire    . . .     SeeInvis .   t - +2 whip (venom)
rCold    . . .     Gourm    .   (no shield)
rNeg     . . .     Faith    .   (helmet restricted)
rPois    .         Spirit   .   (no amulet)
rElec    .         Reflect  .   (no ring)
rCorr    .         Harm     .   (no ring)
MR       .....                  (no ring)
Stlth    +++.......             (no ring)
HPRegen  0.10/turn              (no ring)
MPRegen  0.11/turn              (no ring)
                                (no ring)
                                (no ring)

@: no status effects
A: almost no armour, stealthy swim, amphibious, 8 rings, constrict 8, camouflage
1, gelatinous body 1
a: no special abilities


You were on level 4 of the Dungeon.
You were not hungry.

You visited 1 branch of the dungeon, and saw 4 of its levels.

You collected 106 gold pieces.

Inventory:

Hand Weapons
 f - a +0 short sword
 s - a +2 vampiric spear
 t - a +2 whip of venom (weapon)
Missiles
 b - 72 stones (quivered)
Jewellery
 m - a +4 ring of strength {unknown}
Scrolls
 a - a scroll of amnesia {unknown}
 g - 2 scrolls of remove curse {unknown}
 h - 4 scrolls of identify {unknown}
 j - 3 scrolls of teleportation {unknown}
 l - a scroll of blinking {unknown}
 n - 2 scrolls of fog {unknown}
 p - 2 scrolls of enchant weapon {unknown}
 v - a scroll of noise {unknown}
 w - 2 scrolls of random uselessness {unknown}
Potions
 e - a potion of might {unknown}
 i - a potion of lignification {unknown}
 k - a potion of curing
 o - a potion of invisibility {unknown}
 q - a potion of brilliance {unknown}
 u - a potion of mutation {unknown}
Books
 d - a book of Geomancy

   Spells                             Type                      Level
   a - Sandblast                      Earth                        1
   b - Passwall                       Transmutation/Earth          2
   c - Stone Arrow                    Conjuration/Earth            3
   d - Petrify                        Transmutation/Earth          4
   e - Lee's Rapid Deconstruction     Earth                        5
Comestibles
 c - 6 rations


   Skills:
 - Level 2.0 Dodging
 - Level 2.6 Stealth
 - Level 2.0 Spellcasting
   Level 1.0 Transmutations
 + Level 5.7 Earth Magic


You had 7 spell levels left.
You knew the following spells:

 Your Spells              Type           Power        Failure   Level  Hunger
a - Sandblast             Erth           ###...       1%          1    #......


Dungeon Overview and Level Annotations

Branches:
Dungeon (4/15)
 Temple: D:4-7

Altars:
Dithmenos
Nemelex Xobeh
Xom
Zin


Innate Abilities, Weirdness & Mutations

You cannot wear most types of armour.
You are very stealthy in the water. (Stealth+)
You are amphibious.
You can wear up to eight rings at the same time.
You can use your tentacles to constrict eight enemies at once.
Your skin changes colour to match your surroundings (Stealth+).
Your rubbery body absorbs attacks. (AC +1, EV +1)


Message History

The blast of sand hits the orc priest.
The orc priest is lightly wounded.
b - 73 stones Something hits you.
* * * LOW HITPOINT WARNING * * *
The orc priest hits you.
* * * LOW HITPOINT WARNING * * *
Unknown command.
Casting: Sandblast
Confirm with . or Enter, or press ? or * to list all spells.
Aiming: Sandblast
Press: ? - help, Shift-Dir - straight line, f/p - orc priest
Aim: an orc priest, wearing a ring mail (lightly wounded)
The blast of sand hits the orc priest.
The orc priest is lightly wounded.
b - 72 stones Something hits you.
* * * LOW HITPOINT WARNING * * *
The orc priest hits you.
You die...

.......................
...).<..................
........................
........#######.[......#
..##'#### #........#
..#.....# #........#
#.....# #...(....+
#.....# #..o.....#
###'### ####.@......#
#...###..#......######
###o.......#......#
<.'........#......#
..#........#......#
..#........#......#
############......#
########


You could see an orc priest.

Vanquished Creatures
  3 adders
  3 oozes
  A worm (D:3)
  A dart slug (D:1)
  3 leopard geckos
  2 orcs (D:3)
  2 ball pythons
  8 giant cockroaches
  9 goblins
  8 hobgoblins
  8 jackals
  8 kobolds
  9 bats
  4 frilled lizards
  12 rats
81 creatures vanquished.

Notes
Turn   | Place    | Note
-------+----------+-------------------------------------------
     0 | D:1      | inc the Octopode Earth Elementalist began the quest for the Orb.
     0 | D:1      | Reached XP level 1. HP: 11/11 MP: 3/3
   313 | D:1      | Reached XP level 2. HP: 17/17 MP: 5/5
   528 | D:1      | Reached skill level 4 in Earth Magic
   552 | D:1      | Reached XP level 3. HP: 21/21 MP: 6/6
  1156 | D:2      | Found a sparkling altar of Nemelex Xobeh.
  1156 | D:2      | Found a shimmering altar of Xom.
  1192 | D:2      | Reached XP level 4. HP: 27/27 MP: 2/7
  1521 | D:2      | Reached skill level 5 in Earth Magic
  1555 | D:2      | Found a shadowy altar of Dithmenos.
  2195 | D:3      | Reached XP level 5. HP: 31/31 MP: 5/8
  2230 | D:3      | Found a glowing silver altar of Zin.
  2969 | D:4      | HP: 1/31 [something (5)]
  2973 | D:4      | Slain by an orc priest

Skill      XL: |  1  2  3  4 |
---------------+-------------+-----
Earth Magic    | 4 5 |  5.7
Dodging        | |  2.0
Stealth        | |  2.6
Spellcasting   | |  2.0
Transmutations | |  1.0

Action                   |  1- 3 |  4- 6 || total
-------------------------+-------+-------++-------
Melee: Short sword       |    29 |     5 ||    34
       Unarmed           |     4 |       ||     4
       Constrict         |    10 |     8 ||    18
       Tentacles         |     7 |     2 ||     9
       Whip              |       |    12 ||    12
 Cast: Sandblast         |    30 |    52 ||    82
  Use: Potion            |       |     1 ||     1
 Stab: Sleeping          |     6 |     3 ||     9
  Eat: Chunk             |     1 |     6 ||     7
Armor: Skin              |     2 |     5 ||     7
Dodge: Dodged            |    32 |    21 ||    53
